 Dungeon Crawl Stone Soup version 0.30.1-4-g462c640d31 (webtiles) character file.

Game seed: 8155596837239690141

3309 glacial86 the Cudgeller (level 9, -6/64 HPs)
             Began as a Grey Draconian Artificer on Aug 19, 2023.
             Was an Initiate of Ru.
             Mangled by an orc warlord
             ... wielding a +5 battleaxe
              (7 damage)
             ... in a bailey.
             The game lasted 00:38:06 (9694 turns).

glacial86 the Cudgeller (Grey Draconian Artificer)  Turns: 9694, Time: 00:38:06

Health: -6/64      AC: 17    Str: 14    XL:     9   Next: 70%
Magic:  12/17      EV: 12    Int: 16    God:    Ru [......]
Gold:   293        SH:  5    Dex: 12    Spells: 9/19 levels left

rFire   . . .        I - staff of death
rCold   + . .        (no shield)
rNeg    + . .        (body armour unavailable)
rPois   .            J - +1 hat
rElec   .            (no cloak)
rCorr   .            (no gloves)
SInv    .            (no boots)
Will    .....        m - amulet of reflection
Stlth   +            q - +4 ring of protection
HPRegen 0.30/turn    y - ring of protection from cold
MPRegen 0.15/turn

%: reflection
@: mighty, very slightly contaminated
A: AC +12, amphibious, unfitting armour, cold-blooded
a: Renounce Religion


You were in a bailey.
You worshipped Ru.
Ru was noncommittal.
You visited 2 branches of the dungeon, and saw 9 of its levels.
You also visited: Bailey.

You collected 1068 gold pieces.
You spent 775 gold pieces at shops.

Inventory:

Hand Weapons
 a - a +0 spectral club
 e - a +2 whip of electrocution
Armour
 J - a +1 hat (worn)
Magical Staves
 I - a staff of death (weapon)
Jewellery
 m - an amulet of reflection (around neck)
 q - a +4 ring of protection (left hand)
 y - a ring of protection from cold (right hand)
 z - a ring of protection from cold
 D - a ring of positive energy
 E - an amulet of guardian spirit
Wands
 b - a wand of flame (16) (quivered)
 c - a wand of charming (15)
 s - a wand of light (14)
 G - a wand of paralysis (6)
Scrolls
 j - 3 scrolls of poison
 p - a scroll of amnesia
 r - 2 scrolls of teleportation
 A - a scroll of silence
Potions
 f - 2 potions of lignification
 g - 11 potions of curing
 h - a potion of invisibility
 i - 2 potions of might
 k - 2 potions of resistance
 l - 8 potions of degeneration
 n - 2 potions of ambrosia
 o - 2 potions of cancellation
 t - a potion of attraction
 u - 2 potions of mutation
 v - a potion of haste
 x - a potion of heal wounds {unknown}


   Skills:
 - Level 1.1 Fighting
 - Level 7.0(7.3) Maces & Flails
 * Level 3.1(5.4) Staves
 - Level 2.1 Dodging
 - Level 0.8 Stealth
 - Level 1.6 Shields
 * Level 5.8 Spellcasting
 * Level 5.6 Conjurations
 * Level 2.1 Necromancy
 - Level 0.3 Air Magic
 * Level 1.8 Poison Magic
 * Level 6.6 Evocations


You had 9 spell levels left.
You knew the following spells:

 Your Spells              Type           Power      Damage    Failure   Level
a - Magic Dart            Conj           88%        1d7       1%          1
b - Mephitic Cloud        Conj/Pois/Air  13%        N/A       14%         3
c - Eringya's Noxious Bo  Tmut/Pois      3%         N/A       100%        6

Your spell library contained the following spells:

 Spells                   Type           Power      Damage    Failure   Level
 Call Imp                 Summ           8%         N/A       22%         2
 Summon Forest            Summ/Tloc      2%         N/A       98%         5
 Summon Hydra             Summ           2%         N/A       100%        7


Dungeon Overview and Level Annotations

Branches:
Dungeon (8/15)             Temple (1/1) D:4          Bailey (1/1)
   Lair: D:8-11

Altars:
Ashenzari
Cheibriados
Dithmenos
Elyvilon
Fedhas
Gozag
Hepliaklqana
Kikubaaqudgha
Nemelex Xobeh
Okawaru
Qazlal
Ru
Sif Muna
Trog
Uskayaw
Vehumet
Wu Jian
Xom
Yredelemnul
Zin
The Shining One

Shops:
D:2 !?!   D:5 (*


Innate Abilities, Weirdness & Mutations

Your dull iron-grey scales are very hard. (AC +12)
You are amphibious.
You cannot fit into any form of body armour.
You are cold-blooded and may be slowed by cold attacks.


Message History

The orc warlord appears confused.
You hear a shout!
Aiming: Throw Flame
Press: ? - help, Shift-Dir - straight line, f/p - orc warlord
Aim: an orc warlord, wielding a +5 battleaxe and wearing a +4 chain mail (confused, 94% to hit)
The puff of flame hits the orc warlord!
The orc warlord is lightly wounded.
You feel sick.
You hear a shout!
You hit the orc warlord but do no damage.
The orc warlord writhes in agony.
You tail-slap the orc warlord, but do no damage.
The orc warlord is lightly wounded.
You feel sick.
The orc warlord hits you with a +5 battleaxe.
The orc warlord hits itself with a +5 battleaxe!
You barely miss the orc warlord.
The orc warlord is moderately wounded.
You hit the orc warlord.
Your tail-slap misses the orc warlord.
The orc warlord is moderately wounded.
You feel sick.
You are no longer poisoned.
The orc warlord hits you with a +5 battleaxe!!
You feel better.
The orc warlord seems less confused.
You block the orc warlord's attack.
You feel very mighty all of a sudden.
The orc warlord hits you with a +5 battleaxe!!
* * * LOW HITPOINT WARNING * * *
You hit the orc warlord.
The orc warlord is moderately wounded.
The orc warlord hits you with a +5 battleaxe!
* * * LOW HITPOINT WARNING * * *
You hit the orc warlord.
The orc warlord writhes in agony.
The orc warlord is moderately wounded.
You block the orc warlord's attack.
You hit the orc warlord but do no damage.
You tail-slap the orc warlord, but do no damage.
The orc warlord is moderately wounded.
The orc warlord hits you with a +5 battleaxe!
You die...

#...........)))).§o
#.....⌠.....#.)..)§
#...........#....§§
#...........#....). ♣♣♣
###)).......###.....
♣♣♣♣.♣♣♣
###.#'#.....### ###...
♣......♣###.....###.###
###.
♣♣......##.....o...###
##
♣.......#.....).@...# #
♣.......'..)........# #
...∩.∩..'.....⌠.....#
.'
........'...........#
..#
♣.......#...........#
.##
♣♣......##.........## #
♣....♣.♣###.....###
♣..♣♣♣♣♣ ###.#'# ♣♣♣♣
##


You could see an orc warlord.

Vanquished Creatures
  An orc knight (Bailey)
  Sigmund (D:3)
  3 wyverns
  A steam dragon (D:7)
  2 water moccasins
  Duvessa (D:7)
  5 orc warriors (Bailey)
  An ice beast (D:5)
  2 ogres
  2 kobold brigands
  2 bullfrogs
  3 scorpions
  Dowan (D:7)
  A jelly (D:6)
  3 hounds
  2 orc priests
  A sleepcap (D:7)
  Natasha (thrice) (D:4)
  3 iguanas
  7 gnolls
  6 adders
  An ufetubus (D:6)
  2 worms
  2 dart slugs
  20 orcs
  10 ball pythons
  8 bats
  6 endoplasms
  2 giant cockroaches (D:4)
  11 hobgoblins
  9 jackals
  13 kobolds
  A quokka (D:3)
  7 frilled lizards
  16 goblins
  7 rats
166 creatures vanquished.

Vanquished Creatures (others)
  A giant cockroach (D:4)
1 creature vanquished.

Grand Total: 167 creatures vanquished

Notes
Turn   | Place    | Note
-------+----------+-------------------------------------------
     0 | D:1      | glacial86 the Draconian Artificer began the quest for the
                  | Orb.
     0 | D:1      | Reached XP level 1. HP: 16/16 MP: 1/1
   146 | D:1      | Reached XP level 2. HP: 19/23 MP: 2/2
   165 | D:1      | Learned a level 1 spell: Magic Dart
  1019 | D:2      | Reached XP level 3. HP: 26/28 MP: 0/3
  1053 | D:2      | Reached skill level 1 in Maces & Flails
  1206 | D:2      | Found Siagey's Distillery.
  1212 | D:2      | Bought a potion of curing for 39 gold pieces
  1354 | D:2      | Found Kalaluel's Distillery.
  1914 | D:2      | Found Opugiwyn's Magic Scroll Shop.
  1922 | D:2      | Bought a scroll of poison for 48 gold pieces
  2277 | D:3      | Reached skill level 1 in Conjurations
  2332 | D:3      | Reached XP level 4. HP: 34/35 MP: 5/5
  2340 | D:3      | Learned a level 3 spell: Mephitic Cloud
  2882 | D:3      | Noticed Sigmund
  2916 | D:3      | Killed Sigmund
  2917 | D:3      | Reached skill level 3 in Maces & Flails
  2917 | D:3      | Reached XP level 5. HP: 31/40 MP: 1/8
  3049 | D:3      | Found a sparkling altar of Nemelex Xobeh.
  3455 | D:4      | Reached XP level 6. HP: 47/47 MP: 4/9
  3615 | D:4      | Found Soenkala's Distillery.
  3617 | D:4      | Noticed Natasha
  3624 | D:4      | Killed Natasha
  3651 | D:4      | Bought a potion of cancellation for 112 gold pieces
  3746 | D:4      | Noticed Natasha
  3764 | D:4      | Killed Natasha
  3768 | D:4      | Reached skill level 4 in Maces & Flails
  3768 | D:4      | Your scales start taking on a dull iron-grey colour.
  3768 | D:4      | Reached XP level 7. HP: 26/52 MP: 8/11
  3898 | D:4      | Found a staircase to the Ecumenical Temple.
  3907 | Temple   | Entered the Ecumenical Temple
  3950 | Temple   | Became a worshipper of Ru the Awakened
  4871 | D:4      | Identified a scroll of acquirement
  4871 | D:4      | Acquired 582 gold pieces
  4920 | D:4      | Noticed Natasha
  4934 | D:4      | Killed Natasha
  5040 | D:4      | Bought a potion of curing for 42 gold pieces
  5040 | D:4      | Bought a potion of might for 56 gold pieces
  5040 | D:4      | Bought a potion of attraction for 42 gold pieces
  5040 | D:4      | Bought a potion of might for 56 gold pieces
  5040 | D:4      | Bought a potion of mutation for 112 gold pieces
  5040 | D:4      | Bought a potion of lignification for 42 gold pieces
  5040 | D:4      | Bought a potion of curing for 42 gold pieces
  5040 | D:4      | Bought a potion of curing for 42 gold pieces
  5708 | D:5      | Entered Level 5 of the Dungeon
  5839 | D:5      | Reached skill level 5 in Evocations
  6237 | D:5      | Found Vooruv's Fire Supplies.
  6406 | D:5      | Reached skill level 5 in Maces & Flails
  6426 | D:5      | Found Dephyor's Weapon Boutique.
  6483 | D:5      | Bought a wand of flame (14) for 117 gold pieces
  6483 | D:5      | Bought a wand of flame (3) for 25 gold pieces
  6739 | D:6      | Reached XP level 8. HP: 58/59 MP: 3/13
  6849 | D:6      | Identified the +1 scale mail of Egoshor {*Slow rPois Int+8}
  7240 | D:7      | Reached skill level 1 in Shields
  7468 | D:7      | Reached skill level 6 in Maces & Flails
  7469 | D:7      | Noticed Dowan
  7646 | D:7      | Killed Dowan
  7755 | D:7      | Noticed Duvessa
  7768 | D:7      | Killed Duvessa
  7835 | D:7      | Reached skill level 5 in Spellcasting
  8713 | D:8      | Reached XP level 9. HP: 25/64 MP: 16/16
  9048 | D:8      | Reached skill level 7 in Maces & Flails
  9048 | D:8      | Reached skill level 5 in Conjurations
  9058 | D:8      | Found a flagged portal.
  9081 | D:8      | Learned a level 6 spell: Eringya's Noxious Bog
  9084 | Bailey   | Entered a bailey
  9158 | Bailey   | Reached skill level 1 in Necromancy
  9186 | Bailey   | Reached skill level 1 in Staves
  9411 | Bailey   | Reached skill level 1 in Poison Magic
  9494 | Bailey   | Noticed an orc knight
  9514 | Bailey   | Killed an orc knight
  9665 | Bailey   | Noticed an orc warlord
  9670 | Bailey   | Noticed an orc knight
  9692 | Bailey   | HP: 1/64 [orc warlord/+5 battleaxe (15)]
  9694 | Bailey   | Mangled by an orc warlord

Illustrated notes

Levels and vault maps discovered:
D:1:      dpeg_arrival_connections, layout_basic, minmay_quantized
D:2:      layout_loops_corners, serial_shops, shop_fountains, shop,
          nicolae_shop_peninsula, serial_park_tiny_2, minmay_indecisive_spiral
D:3:      layout_loops_ring, nemelex_spade_bored_becter,
          kennysheep_generic_room_16, uniq_sigmund
D:4:      layout_basic, minmay_temple_entry_butterflies, serial_shops,
          nicolae_diamond_shop, solitary_fountain, uniq_natasha
D:5:      layout_basic, serial_shops, nicolae_shop_peninsula,
          nicolae_shop_fire_sale [nicolae_sub_dead_trees],
          dreamdust_mushroom_princess
D:6:      layout_basic
D:7:      layout_gridville, hellmonk_no_cap, uniq_duvessa
D:8:      layout_basic, lightli_temple_of_fire, enter_bailey_7,
          hangedman_decor_slide_cut
Temple:   mainiacjoe_temple_big_plus
Bailey:   bailey_axe_minmay_hex_keep, bailey

Skill      XL: |  1  2  3  4  5  6  7  8  9 |
---------------+----------------------------+-----
Evocations     | 4 5 6 |  6.6
Maces & Flails | 1 3 4 5 6 7 |  7.0
Conjurations   | 1 2 3 4 5 |  5.6
Spellcasting   | 2 3 5 |  5.8
Shields        | 1 |  1.6
Necromancy     | 2 |  2.1
Staves         | 3 |  3.1
Poison Magic   | 1 |  1.8
Fighting       | |  1.1
Dodging        | |  2.1
Stealth        | |  0.8
Air Magic      | |  0.3

Action                     |  1- 3 |  4- 6 |  7- 9 || total
---------------------------+-------+-------+-------++-------
  Melee: Whip              |    94 |    57 |   189 ||   340
         Tailslap          |     6 |     5 |    47 ||    58
         Club              |     2 |       |       ||     2
         Punch             |     1 |       |     4 ||     5
         Staff             |       |       |   192 ||   192
   Cast: Magic Dart        |    17 |    53 |   107 ||   177
         Mephitic Cloud    |       |       |    19 ||    19
 Invoke: Reject Sacrifices |       |       |     1 ||     1
  Evoke: Wand              |     2 |     4 |    32 ||    38
    Use: Scroll            |     5 |     4 |     9 ||    18
         Potion            |     1 |       |    10 ||    11
   Stab: Sleeping          |     2 |       |     2 ||     4
         Confused          |       |       |     8 ||     8
 Armour: Skin              |    39 |    17 |   123 ||   179
  Dodge: Dodged            |    67 |    43 |   155 ||   265
  Block: Other             |       |    12 |    77 ||    89
         Reflection        |       |       |     3 ||     3
